 Dungeon Crawl Stone Soup version 0.31-a0-844-gdc52ec4e09 (webtiles) character file.

Game seed: 3813070887605388755

500396 Flugkiller the Executioner (level 25, -4/223 HPs)
             Began as a Formicid Fighter on Sept 30, 2023.
             Was a Follower of the Shining One.
             Slain by Jory
             ... wielding a +1 glaive of venom
              (15 damage)
             ... on level 1 of the Crypt on Oct 1, 2023.
             The game lasted 00:56:59 (42361 turns).

Flugkiller the Executioner (Formicid Fighter)      Turns: 42361, Time: 00:57:00

Health: -4/223     AC: 42    Str: 42    XL:     25   Next: 77%
Magic:  35/35      EV: 16    Int: 11    God:    the Shining One [*.....]
Gold:   6972       SH: 13    Dex:  9    Spells: 24/24 levels left

rFire   + + .        M - +9 executioner's axe (freeze)
rCold   + + .        g - +2 kite shield {rC+ rF+}
rNeg    . . .        k - +11 gold dragon scales
rPois   +            (helmet unavailable)
rElec   .            u - scarf of the Slightly Bent {repulsion, +Inv Str+9 Dex-3 Stlth-}
rCorr   +            r - +2 pair of gloves {hurl}
SInv    +            j - +2 pair of boots "Lasil" {Rampage}
Will    ++...        o - amulet of faith Stlth
                     z - ring of resist corrosion
HPRegen 0.57/turn    v - +5 ring of evasion
MPRegen 0.24/turn

%: repel missiles, rampage, faith
@: lethally poisoned (-4 -> -14), silenced, glowing, studying 2 skills
A: permanent stasis, dig shafts and tunnels, antennae 3, four strong arms,
strong 1, no potion heal 1, inability to drink after injury 1
}: 4/15 runes: barnacled, slimy, silver, gossamer
a: Dig, Shaft Self, Renounce Religion, Evoke Invisibility


You were on level 1 of the Crypt.
You worshipped the Shining One.
The Shining One was aware of your devotion.
You visited 10 branches of the dungeon, and saw 46 of its levels.
You visited the Abyss 1 time.
You visited 2 bazaars.
You also visited: Ossuary and Bailey.

You collected 8092 gold pieces.
You spent 1120 gold pieces at shops.

Inventory:

Hand Weapons
 M - a +9 executioner's axe of freezing (weapon)
   (You found it in a bailey)
Missiles
 e - 11 javelins
 f - 13 curare-tipped darts
 J - 58 boomerangs
 N - 37 silver javelins (quivered)
 S - 7 throwing nets
Armour
 g - a +2 kite shield of resistance (worn)
   (You bought it in a shop on level 2 of the Orcish Mines)
 j - the +2 pair of boots "Lasil" (worn) {Rampage}
   (You found it on level 2 of the Dungeon)

   Rampage:   It bestows one free step when moving towards enemies.
 k - +11 gold dragon scales (worn)
   (You found it on level 4 of the Depths)
 r - a +2 pair of gloves of hurling (worn)
   (You found it on level 5 of the Vaults)
 u - the scarf of the Slightly Bent (worn) {repulsion, +Inv Str+9 Dex-3 Stlth-}
   (Okawaru gifted it to you on level 3 of the Lair of Beasts)

   Str+9:     It affects your strength (+9).
   Dex-3:     It affects your dexterity (-3).
   +Inv:      It lets you turn invisible.
   Stlth-:    It makes you less stealthy.
Jewellery
 c - a ring of protection from cold
   (You found it on level 1 of the Vaults)
 h - the amulet of Pixtan {RegenMP rF+ rCorr}
   (You acquired it on level 5 of the Pits of Slime)

   [amulet of magic regeneration]

   RegenMP:   It increases your rate of magic regeneration.
   rF+:       It protects you from fire.
   rCorr:     It protects you from acid and corrosion.
 m - a ring of willpower
   (You found it on level 1 of the Vaults)
 o - an amulet of faith (around neck)
   (You found it on level 12 of the Dungeon)
 p - a +4 ring of protection
   (You found it on level 2 of the Lair of Beasts)
 v - a +5 ring of evasion (right hand)
   (You found it on level 4 of the Lair of Beasts)
 z - a ring of resist corrosion (left hand)
   (You found it on level 4 of the Depths)
 T - a +5 ring of evasion
   (You found it on level 12 of the Dungeon)
Wands
 t - a wand of paralysis (15)
   (You found it on level 7 of the Dungeon)
 x - a wand of digging (3)
   (You found it on level 5 of the Pits of Slime)
 Q - a wand of acid (26)
   (You found it on level 3 of the Lair of Beasts)
 W - a wand of mindburst (49)
   (You found it on level 14 of the Dungeon)
 Z - a wand of roots (25)
   (You found it on level 4 of the Shoals)
Scrolls
 i - 6 scrolls of poison
 A - 4 scrolls of vulnerability
 F - 2 scrolls of fear
 O - 9 scrolls of immolation
 P - a scroll of silence
 R - 6 scrolls of revelation
 U - 8 scrolls of fog
Potions
 d - 6 potions of might
 l - 5 potions of mutation
 n - 4 potions of resistance
 q - 13 potions of curing
 w - 3 potions of heal wounds
 B - 9 potions of attraction
 C - 9 potions of enlightenment
 D - 10 potions of cancellation
 E - 5 potions of ambrosia
 H - 4 potions of invisibility
 I - 2 potions of magic
 K - 7 potions of lignification
Miscellaneous
 s - a phial of floods
   (You found it on level 5 of the Lair of Beasts)


   Skills:
 - Level 24.0 Fighting
 - Level 24.0 Axes
 - Level 15.0 Throwing
 + Level 20.9 Armour
 - Level 11.0 Dodging
 - Level 12.0 Shields
 - Level 16.0 Invocations


You had 24 spell levels left.
You didn't know any spells.
Your spell library contained the following spells:

 Spells                   Type           Power      Damage    Failure   Level
 Apportation              Tloc           0%         N/A       94%         1
 Foxfire                  Conj/Fire      0%         2x1d4     94%         1
 Freeze                   Ice            0%         1d3       94%         1
 Necrotise                Necr           0%         1d4       94%         1
 Shock                    Conj/Air       0%         1d3       94%         1
 Sting                    Tmut/Pois      0%         1d3       94%         1
 Summon Small Mammal      Summ           0%         N/A       94%         1
 Cigotuvi's Dreadful Rot  Necr/Pois/Air  0%         N/A       98%         2
 Lesser Beckoning         Tloc           0%         N/A       98%         2
 Momentum Strike          Conj/Tloc      0%         3d8       98%         2
 Poisonous Vapours        Pois/Air       0%         N/A       98%         2
 Scorch                   Fire           0%         2d5       98%         2
 Static Discharge         Conj/Air       0%         2-2/arc   98%         2
 Ignite Poison            Fire/Tmut/Pois 0%         N/A       100%        3
 Inner Flame              Hex/Fire       0%         N/A       100%        3
 Ozocubu's Armour         Ice            0%         N/A       100%        3
 Volatile Blastmotes      Fire/Tloc      0%         2d10      100%        3
 Airstrike                Air            0%         2d(0-16)  100%        4
 Anguish                  Hex/Necr       0%         N/A       100%        4
 Brom's Barrelling Bould  Conj/Erth      0%         2d3       100%        4
 Cause Fear               Hex            0%         N/A       100%        4
 Dimensional Bullseye     Hex/Tloc       0%         N/A       100%        4
 Flame Wave               Conj/Fire      0%         2d4       100%        4
 Olgreb's Toxic Radiance  Pois           0%         N/A       100%        4
 Passage of Golubria      Tloc           0%         N/A       100%        4
 Sticky Flame             Conj/Fire      0%         2d3       100%        4
 Summon Lightning Spire   Summ/Air       0%         N/A       100%        4
 Alistair's Intoxication  Tmut/Pois      0%         N/A       100%        5
 Arcjolt                  Conj/Air       0%         1d10      100%        5
 Borgnjor's Vile Clutch   Necr/Erth      0%         N/A       100%        5
 Fireball                 Conj/Fire      0%         3d3       100%        5
 Freezing Cloud           Conj/Ice/Air   0%         6-21      100%        5
 Iskenderun's Battlesphe  Conj           0%         2d6       100%        5
 Conjure Ball Lightning   Conj/Air       0%         3x3d6     100%        6
 Eringya's Noxious Bog    Tmut/Pois      0%         4d6       100%        6
 Plasma Beam              Fire/Air       0%         2x1d10    100%        6
 Starburst                Conj/Fire      0%         6d3       100%        6
 Summon Cactus Giant      Summ           0%         N/A       100%        6
 Enfeeble                 Hex            0%         N/A       100%        7
 Haunt                    Necr/Summ      0%         N/A       100%        7
 Orb of Destruction       Conj           0%         9d5       100%        7
 Ozocubu's Refrigeration  Ice            0%         4d7       100%        7
 Borgnjor's Revivificati  Necr           0%         N/A       100%        8
 Discord                  Hex            0%         N/A       100%        8
 Ignition                 Fire           0%         3d3       100%        8
 Maxwell's Capacitive Co  Air            0%         ∞         100%        8
 Chain Lightning          Conj/Air       0%         N/A       100%        9
 Death's Door             Necr           0%         N/A       100%        9
 Fire Storm               Conj/Fire      0%         5d1       100%        9
 Polar Vortex             Ice            0%         N/A       100%        9
 Shatter                  Erth           0%         3d5*      100%        9
 Blink                    Tloc           Unusable   N/A       N/A         2
 Swiftness                Air            Unusable   N/A       N/A         3
 Vhi's Electric Charge    Tloc/Air       Unusable   N/A       N/A         4

Dungeon Overview and Level Annotations

Branches:
Dungeon (15/15) Zot: 25009  Temple (1/1) D:6 Zot: 5965    Lair (5/5) D:8 Zot: 23370
 Shoals (4/4) Lair:2 Zot: 20149  Spider (4/4) Lair:2 Zot: 21124   Slime (5/5) Lair:5 Zot: 25609
    Orc (2/2) D:9 Zot: 10643     Elf (0/3) Orc:2        Vaults (5/5) D:13 Zot: 24457
  Crypt (1/3) Vaults:2 Zot: 5959  Depths (4/4) D:15 Zot: 19383     Zot (0/5) Depths:4
Ossuary (visited)          Bailey (visited)

Altars:
Ashenzari
Cheibriados
Dithmenos
Elyvilon
Fedhas
Gozag
Hepliaklqana
Kikubaaqudgha
Makhleb
Nemelex Xobeh
Okawaru
Qazlal
Ru
Sif Muna
Trog
Uskayaw
Vehumet
Wu Jian
Xom
Yredelemnul
Zin
The Shining One
Jiyva

Shops:
D:2 (   Orc:2 (=*[   Shoals:1 :   Shoals:2 *   Shoals:4 :(*   Vaults:1 *
Vaults:3 [   Vaults:4 [[   Depths:1 *   Depths:3 *[?([   Depths:4 *

Portals:
Hell: Lair:5 Depths:1 Depths:2 Depths:3 Depths:4
Abyss: Depths:2 Depths:3
Pandemonium: Depths:2
Ziggurat: Depths:2

Annotations:
D:9 4 transporters
D:13 2 transporters
Lair:2 3 runed translucent doors, DEFE's ghost, journeyman GnSh
Crypt:1 Jory


Innate Abilities, Weirdness & Mutations

You cannot be hasted, slowed, berserked, paralysed or teleported.
You can dig through walls and to a lower floor.
You have a pair of large antennae on your head. (SInv)
Your four strong arms can wield two-handed weapons with a shield.
Your muscles are strong. (Str +4, Int/Dex -1)
Potions are less effective at restoring your health.
You occasionally lose the ability to drink potions when taking damage.


Message History

Jory bites you but does no damage.
The jiangshi claws you but does no damage.
The jiangshi barely misses you.
You hit the jiangshi.
The jiangshi is severely damaged.
You barely miss Jory. You slice the deep elf death mage!!
You freeze the deep elf death mage!
You feel sick. The jiangshi barely misses you.
The jiangshi claws you but does no damage.
The deep elf death mage hits you but does no damage.
You block the death knight's attack.
Jory hits you with a +1 glaive of venom!
* * * LOW HITPOINT WARNING * * *
Jory bites you but does no damage.
Your system partially rejects the healing.
You feel much better.
You feel sick.
The deep elf death mage hits you but does no damage.
You block the death knight's attack. Jory hits you but does no damage.
You are more poisoned.
Jory bites you but does no damage.
You hit the jiangshi. You freeze the jiangshi.
The jiangshi is severely damaged.
You carve Jory like a ham!!! You freeze Jory!
You slice the deep elf death mage!! You freeze the deep elf death mage.
You kill the deep elf death mage!
The Shining One accepts your kill.
You feel very sick.
The death knight hits you from afar with a +0 glaive.
* * * LOW HITPOINT WARNING * * *
Jory hits you but does no damage.
You are more poisoned.
Jory bites you but does no damage.
Your system partially rejects the healing.
You feel better. You block the jiangshi's attack. x2
The death knight hits you but does no damage.
Jory hits you but does no damage.
You are poisoned.
You block Jory's attack.
You slice the jiangshi!! You freeze the jiangshi.
You destroy the jiangshi!
The Shining One accepts your kill.
You feel better.
You slash Jory! You freeze Jory.
You feel sick. You block the death knight's attack.
Training target 15.0 for Throwing reached!
Your Throwing skill increases to level 15!
You closely miss Jory.
Jory is moderately damaged.
You feel sick. Jory completely misses you. Jory bites you but does no damage.
You slash Jory! You freeze Jory.
Jory is heavily damaged.
You feel sick. You block the death knight's attack.
Jory hits you with a +1 glaive of venom!
* * * LOW HITPOINT WARNING * * *
Jory bites you but does no damage.
You barely miss Jory.
Jory is heavily damaged.
You feel sick. The death knight closely misses you.
Jory hits you with a +1 glaive of venom!!
* * * LOW HITPOINT WARNING * * *
You are lethally poisoned!
Jory bites you but does no damage.
Your system partially rejects the healing.
You feel better.
The death knight hits you from afar with a +0 glaive.
* * * LOW HITPOINT WARNING * * *
You block Jory's attack. x2
Your system partially rejects the healing.
You feel much better. You block the death knight's attack.
Jory closely misses you. Jory bites you but does no damage.
Your system partially rejects the healing.
You feel much better. The death knight barely misses you.
Jory hits you but does no damage.
You are poisoned.
Jory bites you but does no damage.
Press: ? - help, v - describe, . - travel
Here: Jory, wielding a +1 glaive of venom and wearing a +5 chain mail of ponderousness (silenced, heavily damaged, haloed)
The floor, spattered with blood.
Unknown command.
Unknown command.
Unknown command.
Okay, then.
Unknown command.
Unknown command.
Your system partially rejects the healing.
You feel much better.
You feel very sick.
The death knight hits you but does no damage.
You block Jory's attack. Jory bites you but does no damage.
You feel sick.
The death knight hits you but does no damage.
Jory hits you with a +1 glaive of venom!!
* * * LOW HITPOINT WARNING * * *
You are more poisoned.
Jory barely misses you.
You begin to dig a shaft.
You continue digging a shaft.
* * * LOW HITPOINT WARNING * * *
You feel very sick. You block the death knight's attack.
Jory hits you with a +1 glaive of venom!
You die...

# #. ##### #.. #^..#
#...####[..#####
##......{........
.......<....#####, ,#
....#.....#######....
..#..........Vp......
#.######..@#{..##.. #
#.)).#{>.# #.)..#####
#...## ,..#### ...
..... .####


You could see Jory and a death knight.

Vanquished Creatures
  the Royal Jelly (Slime:5)
  A dread lich (Arena)
  An ancient lich (Vaults:5)
  Frederick (Depths:4)
  8 golden dragons (Depths:4)
  Nikola (Shoals:1)
  the Enchantress (Depths:2)
  The ghost of vineage the Slayer, an adept GrGl of Okawaru (Vaults:1)
  5 tentacled monstrosities
  A Hell Sentinel (Abyss:3)
  Mlioglotl (Spider:2)
  A quicksilver dragon (Depths:4)
  3 liches
  19 acid blobs
  5 sphinxes
  6 krakens
  4 tengu reavers (Vaults:5)
  5 storm dragons
  6 draconian monks (Depths:4)
  10 fire giants
  3 shadow dragons
  11 azure jellies
  A draconian scorcher (Depths:4)
  7 frost giants
  7 rockslimes
  4 emperor scorpions
  Louise (Arena)
  24 vault wardens
  2 deep elf sorcerers (Vaults:5)
  A ghost moth (Spider:4)
  An orc warlord (Vaults:3)
  A curse skull (Crypt:1)
  4 spriggan defenders (Depths:2)
  A war gargoyle (Vaults:5)
  5 formless jellyfish (Slime:5)
  10 stone giants
  The ghost of Ge0ff the Devastator, a journeyman OpCA of Ignis (Orc:2)
  16 ironbound preservers
  12 very ugly things
  7 green draconians (Depths:4)
  6 caustic shrike skeletons (Depths:2)
  10 quicksilver oozes
  Nessos (D:13)
  12 ironbound thunderhulks
  2 deep elf demonologists (Vaults:5)
  4 purple draconians (Depths:4)
  3 vampire knights
  8 dire elephants
  3 black draconians (Depths:4)
  6 white draconians (Depths:4)
  2 eleionomae (Depths:2)
  3 red draconians (Depths:4)
  3 deep elf annihilators (Vaults:5)
  Snorg (D:14)
  8 spark wasps
  2 deep elf death magi (Crypt:1)
  A green death (Abyss:3)
  A fire dragon (shapeshifter) (Vaults:5)
  3 entropy weavers
  3 merfolk javelineers (Shoals:4)
  9 ettins
  4 jiangshi
  7 merfolk impalers
  4 deep elf high priests
  20 yaktaur captains
  4 fire dragons
  5 rakshasas
  18 great orbs of eyes
  4 hydras
  A jorogumo (Spider:4)
  42 vault guards
  8 ice dragons
  7 merfolk aquamancers
  8 boulder beetles
  8 ironbound frosthearts
  3 merfolk avatars
  6 spriggan air magi
  A salamander tyrant (Depths:4)
  6 centaur warriors
  A satyr (Shoals:4)
  6 two-headed ogres
  2 deep troll shamans
  7 tengu warriors
  Urug (D:13)
  5 deep troll earth magi
  A thrashing horror (Abyss:3)
  A dancing weapon (Vaults:1)
  7 orc high priests (Orc:2)
  15 death yaks
  3 vampire magi
  8 spriggan berserkers
  6 demonic crawlers
  11 hell knights
  A sixfirhy (Lair:5)
  2 skysharks
  2 iron trolls (Depths:4)
  12 large abominations (Abyss:3)
  A salamander mystic (Depths:4)
  6 pharaoh ants
  A death drake (Depths:4)
  A spatial maelstrom (Abyss:3)
  25 deep trolls
  A sea snake (shapeshifter) (Vaults:5)
  11 sea snakes
  5 sun moths
  A deep troll (shapeshifter) (Vaults:5)
  7 orb spiders
  4 flayed ghosts
  5 glowing orange brains
  7 spriggan druids (Depths:2)
  9 steelbarb worms
  6 phantasmal warriors
  2 harpies (shapeshifter)
  12 ironbound convokers
  13 wizards
  15 lindwurms
  2 deep elf archers (Vaults:5)
  5 necromancers
  3 orc knights
  38 ugly things
  An orc sorcerer (Orc:2)
  18 harpies
  5 cyclopes
  12 manticores
  3 shining eyes
  12 wolf spiders
  2 moths of wrath
  8 fauns
  3 merfolk sirens
  6 salamanders (Depths:4)
  10 apocalypse crabs
  An elephant (shapeshifter) (Vaults:5)
  9 elephants (Lair:5)
  An eye of devastation (Slime:5)
  5 black mambas
  18 vault sentinels
  A guardian serpent (shapeshifter) (Vaults:5)
  2 rust devils (Abyss:3)
  6 water nymphs
  4 orange demons
  2 gargoyles (D:12)
  A hellion (Abyss:3)
  10 cane toads
  An elf zombie (Vaults:4)
  4 rime drakes
  An elf skeleton (Vaults:4)
  An unseen horror (D:12)
  2 efreet
  A yaktaur zombie (Vaults:4)
  54 yaktaurs
  2 freezing wraiths
  13 komodo dragons
  A yaktaur (shapeshifter) (D:15)
  5 tengu conjurers
  2 ancient zymes (Abyss:3)
  A red devil (Lair:5)
  2 trolls
  A hellwing (Lair:5)
  2 ice devils
  4 polar bears
  A queen bee (Spider:4)
  4 meliai (Spider:4)
  11 wind drakes
  28 tarantellas
  30 merfolk
  13 dream sheep
  21 hornets
  A harpy skeleton (Abyss:3)
  4 blink frogs (Lair:4)
  5 snapping turtles
  69 slime creatures
  A jumping spider (shapeshifter) (D:13)
  4 flying skulls (Abyss:3)
  Sigmund (D:2)
  22 jumping spiders
  16 culicivoras
  2 vampires
  A ynoxinul (Abyss:3)
  13 water elementals
  19 humans (D:13)
  45 spriggans
  4 wyverns
  3 wraiths
  A yak (shapeshifter) (D:13)
  A neqoxec (Abyss:3)
  6 basilisks
  29 yaks
  9 vampire mosquitoes
  13 golden eyes
  A human (shapeshifter) (Depths:2)
  52 redbacks
  An acid dragon (D:8)
  15 wargs
  A glowing shapeshifter zombie (Vaults:4)
  4 hell hounds (Lair:5)
  10 water moccasins
  A floating eye (Slime:5)
  2 sky beasts (D:7)
  An ice beast (D:5)
  4 black bears
  26 orc warriors
  11 wolves (Lair:3)
  5 ogres
  3 centaurs
  A phantom (D:5)
  3 kobold brigands
  8 bullfrogs
  A human simulacrum (Vaults:4)
  7 scorpions
  2 gnoll sergeants
  A small abomination (Abyss:3)
  4 wights
  16 killer bees
  3 howler monkeys
  A centaur zombie (Ossuary)
  6 human zombies
  A gnoll bouda (D:7)
  A quasit (Abyss:3)
  36 orc priests
  6 jellies
  16 orc wizards
  6 iguanas
  A sleepcap (D:8)
  5 hell rats (Lair:5)
  3 mummies (Ossuary)
  9 adders
  20 gnolls
  A shadow imp (D:7)
  3 white imps
  An ufetubus (D:4)
  2 worms
  A worm zombie (D:8)
  5 adder zombies (Ossuary)
  7 dart slugs
  99 orcs
  6 endoplasms
  8 giant cockroaches
  3 gnoll zombies (Ossuary)
  3 goblins
  7 hobgoblins
  4 jackals
  4 quokkas
  8 ball pythons
  3 bats
  A frilled lizard (D:3)
  9 goblin zombies (Ossuary)
  3 hobgoblin zombies (Ossuary)
  A jackal zombie (Ossuary)
  19 kobolds
  4 kobold zombies (Ossuary)
  An orc zombie (Ossuary)
  2 quokka zombies (Ossuary)
  A rat (D:1)
  3 rat zombies
  A river rat skeleton (Crypt:1)
  A starspawn tentacle (Abyss:3)
  15 tentacles
1852 creatures vanquished.

Vanquished Creatures (others)
  A deep elf sorcerer (Vaults:5)
  A very ugly thing (Vaults:5)
  A merfolk impaler (Shoals:4)
  A radroach (Spider:3)
  An orb spider (Spider:4)
  A phantasmal warrior (Vaults:5)
  A manticore (Shoals:1)
  A golden eye (Slime:4)
  A starspawn tentacle (Abyss:3)
  24 tentacles
33 creatures vanquished.

Grand Total: 1885 creatures vanquished

Notes
Turn   | Place    | Note
-------+----------+-------------------------------------------
     0 | D:1      | Flugkiller the Formicid Fighter began the quest for the
                  | Orb.
     0 | D:1      | Reached XP level 1. HP: 18/18 MP: 1/1
     2 | D:1      | Noticed an armataur
     2 | D:1      | Noticed a demigod
     4 | D:1      | Noticed an elf
     6 | D:1      | Noticed a merfolk
     6 | D:1      | Noticed a tengu
     8 | D:1      | Noticed a meteoran
     8 | D:1      | Noticed a spriggan
    10 | D:1      | Noticed a vine stalker
    10 | D:1      | Noticed a ghoul
    12 | D:1      | Noticed a draconian
    14 | D:1      | Noticed a gargoyle
    14 | D:1      | Noticed a minotaur
    16 | D:1      | Noticed a naga
    16 | D:1      | Noticed an octopode
    39 | D:1      | Noticed a vampire
    39 | D:1      | Noticed a felid
    41 | D:1      | Noticed a demonspawn
    41 | D:1      | Noticed a formicid
    43 | D:1      | Noticed a troll
    43 | D:1      | Noticed an ogre
    46 | D:1      | Noticed a vampire
    46 | D:1      | Noticed a human
    48 | D:1      | Noticed a demonspawn
    48 | D:1      | Noticed a formicid
    84 | D:1      | Reached XP level 2. HP: 24/24 MP: 2/2
   276 | D:1      | Found a faded altar of an unknown god.
   494 | D:1      | Reached XP level 3. HP: 29/29 MP: 3/3
   695 | D:2      | Noticed Sigmund
   720 | D:2      | Gained mutation: You are robust. (+10% HP) [potion of
                  | mutation]
   720 | D:2      | Lost mutation: You are robust. (+10% HP) [potion of
                  | mutation]
   720 | D:2      | Gained mutation: Your muscles are strong. (Str +4, Int/Dex
                  | -1) [potion of mutation]
   732 | D:2      | Killed Sigmund
   733 | D:2      | Reached skill level 5 in Shields
   733 | D:2      | Reached XP level 4. HP: 31/37 MP: 4/4
   733 | D:2      | Reached XP level 5. HP: 35/42 MP: 5/5
   814 | D:2      | Reached XP level 6. HP: 42/48 MP: 6/6
   840 | D:2      | Identified the +2 pair of boots "Lasil" {Rampage}
   966 | D:2      | Found Zasius's Weapon Shoppe.
  1611 | D:3      | Found a broken altar of Ashenzari.
  1816 | D:4      | Identified the scarf of Incorporation {repulsion, Dex+4}
  1851 | D:4      | Identified the +5 scale mail of the Ladybird {-Cast Dex+8
                  | Stlth+}
  1947 | D:4      | Reached XP level 7. HP: 43/55 MP: 7/7
  2325 | D:4      | Found a shimmering blue altar of Sif Muna.
  2427 | D:4      | Reached skill level 5 in Axes
  2453 | D:4      | Reached skill level 1 in Dodging
  2598 | D:4      | Found a blossoming altar of Fedhas.
  2599 | D:4      | Found a sacrificial altar of Ru.
  2611 | D:4      | Reached skill level 5 in Fighting
  2611 | D:4      | Reached skill level 5 in Armour
  2753 | D:5      | Entered Level 5 of the Dungeon
  2872 | D:5      | Reached XP level 8. HP: 53/62 MP: 8/8
  3600 | D:6      | Found a burning altar of Makhleb.
  3700 | D:6      | Found a staircase to the Ecumenical Temple.
  3707 | Temple   | Entered the Ecumenical Temple
  3718 | Temple   | Became a worshipper of Warmaster Okawaru
  3941 | D:6      | Reached skill level 1 in Invocations
  3951 | D:6      | Reached XP level 9. HP: 68/69 MP: 9/9
  4498 | D:7      | Noticed a hornet
  4887 | D:7      | Reached * piety under Okawaru
  4895 | D:7      | Found a glowing silver altar of Zin.
  5320 | D:7      | Found a shadowy altar of Dithmenos.
  5724 | D:8      | Reached XP level 10. HP: 62/79 MP: 12/12
  5982 | D:8      | Found a sand-covered staircase.
  5986 | D:8      | Noticed a two-headed ogre
  5999 | D:8      | Reached ** piety under Okawaru
  6002 | D:8      | Killed a two-headed ogre
  6008 | Ossuary  | Entered an ossuary
  6362 | D:8      | Found a staircase to the Lair.
  6386 | D:8      | Reached *** piety under Okawaru
  6428 | D:8      | Reached skill level 5 in Invocations
  7621 | D:9      | Reached skill level 5 in Dodging
  7649 | D:9      | Noticed a two-headed ogre
  7659 | D:9      | Killed a two-headed ogre
  7660 | D:9      | Reached XP level 11. HP: 58/86 MP: 15/15
  7807 | D:9      | Found a flagged portal.
  7822 | D:9      | Reached **** piety under Okawaru
  7823 | D:9      | Reached skill level 10 in Axes
  7844 | Bailey   | Entered a bailey
  8036 | Bailey   | Noticed an orc knight
  8047 | Bailey   | Killed an orc knight
  8227 | D:9      | Found a staircase to the Orcish Mines.
  8387 | D:9      | Found a sparkling altar of Nemelex Xobeh.
  8404 | D:9      | Found a transporter.
  8408 | D:9      | Found a transporter.
  8562 | D:9      | Found a transporter.
  8613 | D:9      | Found a white marble altar of Elyvilon.
  8664 | D:9      | Found a transporter.
  8698 | D:9      | Found a bloodstained altar of Trog.
  8878 | D:10     | Entered Level 10 of the Dungeon
  9076 | D:10     | Noticed a two-headed ogre
  9098 | D:10     | Killed a two-headed ogre
  9098 | D:10     | Reached ***** piety under Okawaru
  9635 | D:11     | Noticed a purple ugly thing
  9650 | D:11     | Killed a purple ugly thing
  9697 | D:11     | Reached XP level 12. HP: 96/96 MP: 17/17
  9786 | D:11     | Noticed a two-headed ogre
  9792 | D:11     | Killed a two-headed ogre
  9816 | D:11     | Received a gift from Okawaru
 10052 | D:11     | Reached skill level 10 in Fighting
 10693 | Lair:1   | Entered Level 1 of the Lair of Beasts
 10752 | Lair:1   | Noticed a boulder beetle
 10945 | Lair:1   | Killed a boulder beetle
 11491 | Lair:1   | Reached skill level 10 in Armour
 12010 | Lair:2   | Found a staircase to the Shoals.
 12019 | Lair:2   | Received a gift from Okawaru
 12677 | Lair:2   | Noticed DEFE's ghost (journeyman GnSh)
 12678 | Lair:2   | Noticed a minotaur
 12711 | Lair:2   | Found a runed translucent gate.
 12712 | Lair:2   | Found a runed translucent gate.
 12768 | Lair:2   | Found a runed translucent gate.
 12828 | Lair:2   | Reached XP level 13. HP: 101/108 MP: 19/19
 12893 | Lair:2   | Found a hole to the Spider Nest.
 13085 | Lair:2   | Received a gift from Okawaru
 13798 | Lair:3   | Reached ****** piety under Okawaru
 13846 | Lair:3   | Received a gift from Okawaru
 14046 | Lair:3   | Acquired the scarf of the Slightly Bent {repulsion, +Inv
                  | Str+9 Dex-3 Stlth-}
 14046 | Lair:3   | Received a gift from Okawaru
 14059 | Lair:3   | Acquired a +5 broad axe of flaming
 14059 | Lair:3   | Received a gift from Okawaru
 14847 | Lair:4   | Received a gift from Okawaru
 14885 | Lair:4   | Found an iron altar of Okawaru.
 14985 | Lair:4   | Reached skill level 15 in Axes
 15297 | Lair:4   | Identified a scroll of acquirement
 15306 | Lair:4   | Reached XP level 14. HP: 105/121 MP: 20/20
 15320 | Lair:4   | Reached skill level 15 in Fighting
 15922 | Lair:5   | Entered Level 5 of the Lair of Beasts
 15940 | Lair:5   | Received a gift from Okawaru
 16177 | Lair:5   | Found a staircase to the Slime Pits.
 16409 | Lair:5   | Noticed a dire elephant
 16424 | Lair:5   | Killed a dire elephant
 16459 | Lair:5   | Found a burning altar of Makhleb.
 16480 | Lair:5   | Received a gift from Okawaru
 16728 | Lair:5   | Found a gateway to Hell.
 17859 | D:13     | Received a gift from Okawaru
 17878 | D:13     | Reached XP level 15. HP: 129/129 MP: 18/21
 17914 | D:13     | Found a gate to the Vaults.
 17956 | D:13     | Found a transporter.
 17957 | D:13     | Found a transporter.
 17981 | D:13     | Noticed Urug
 17989 | D:13     | Killed Urug
 18016 | D:13     | Received a gift from Okawaru
 18068 | D:13     | Found an opulent altar of Gozag.
 18155 | D:13     | Noticed Nessos
 18175 | D:13     | Killed Nessos
 18640 | D:14     | Noticed Snorg
 18647 | D:14     | Killed Snorg
 19251 | D:15     | Entered Level 15 of the Dungeon
 19368 | D:15     | Found an ornate altar of the Wu Jian Council.
 19450 | D:15     | Received a gift from Okawaru
 19708 | D:15     | Reached XP level 16. HP: 126/136 MP: 22/22
 19718 | D:15     | Found a staircase to the Depths.
 20091 | Orc:1    | Entered Level 1 of the Orcish Mines
 20343 | Orc:1    | Received a gift from Okawaru
 20484 | Orc:2    | Entered Level 2 of the Orcish Mines
 20527 | Orc:2    | Found a runed translucent door.
 20527 | Orc:2    | Noticed Ge0ff's ghost (journeyman OpCA)
 20563 | Orc:2    | Found a staircase to the Elven Halls.
 21034 | Orc:2    | Found Bynah's General Store.
 21034 | Orc:2    | Found Xopoph's Antique Armour Shoppe.
 21160 | Orc:2    | Found Mifep's Weapon Shop.
 21160 | Orc:2    | Found Enyr's Jewellery Shoppe.
 21277 | Orc:2    | Killed Ge0ff's ghost
 21281 | Orc:2    | Identified the +7 rapier "Teamane" {drain, rF+ Int+3 Dex+2}
 21455 | Spider:1 | Entered Level 1 of the Spider Nest
 21542 | Spider:1 | Received a gift from Okawaru
 21961 | Spider:2 | Reached skill level 10 in Shields
 21982 | Spider:2 | Received a gift from Okawaru
 22236 | Spider:2 | Noticed Mlioglotl
 22244 | Spider:2 | Noticed a tentacled starspawn
 22244 | Spider:2 | Noticed a lich
 22249 | Spider:2 | Killed Mlioglotl
 22835 | Spider:3 | Received a gift from Okawaru
 22850 | Spider:3 | Reached XP level 17. HP: 146/146 MP: 23/23
 23011 | Spider:3 | Identified the +4 great mace "Veompol" {flame, *Slow rC+
                  | rCorr Str+6}
 23184 | Spider:3 | Received a gift from Okawaru
 23316 | Spider:4 | Entered Level 4 of the Spider Nest
 23361 | Spider:4 | Identified the +4 leather armour of the Wilderness {Rampage
                  | Drain Slay+6 SInv}
 23782 | Spider:4 | Received a gift from Okawaru
 24310 | Spider:4 | Got a gossamer rune of Zot
 24434 | Shoals:1 | Entered Level 1 of the Shoals
 24459 | Shoals:1 | Found Dihudoas's Book Boutique.
 24463 | Shoals:1 | Received a gift from Okawaru
 24470 | Shoals:1 | Noticed Nikola
 24480 | Shoals:1 | Killed Nikola
 24656 | Shoals:1 | Reached XP level 18. HP: 158/158 MP: 24/24
 25060 | Shoals:1 | Noticed Louise
 25069 | Abyss:3  | Cast into level 3 of the Abyss (Louise)
 25105 | Abyss:3  | Found a corrupted altar of Lugonu.
 25119 | Abyss:3  | Received a gift from Okawaru
 25259 | Abyss:3  | Gained mutation: You occasionally lose the ability to drink
                  | potions when taking damage. [a neqoxec]
 25262 | Abyss:3  | Noticed a Hell Sentinel
 25275 | Abyss:3  | Killed a Hell Sentinel
 25315 | Abyss:3  | Found a corrupted altar of Lugonu.
 25315 | Abyss:3  | Noticed a lich
 25322 | Abyss:3  | Killed a lich
 25328 | Abyss:3  | Received a gift from Okawaru
 25334 | Shoals:1 | Escaped the Abyss
 25346 | Arena    | Entered the Arena
 25347 | Arena    | Killed Louise
 25771 | Shoals:2 | Found Kuruaj's Mass Market.
 26822 | Shoals:3 | Noticed a kraken
 26831 | Shoals:3 | Killed a kraken
 26960 | Shoals:4 | Entered Level 4 of the Shoals
 26960 | Shoals:4 | Noticed a kraken
 26960 | Shoals:4 | Noticed a kraken
 26960 | Shoals:4 | Noticed a kraken
 26960 | Shoals:4 | Noticed a kraken
 26985 | Shoals:4 | Found a flickering gateway to a bazaar.
 26995 | Shoals:4 | Received a gift from Okawaru
 27299 | Shoals:4 | Found Ukhivab's Weapon Shoppe.
 27305 | Bazaar   | Entered a bazaar
 27305 | Bazaar   | Found Bayheasu's Antique Armour Emporium.
 27305 | Bazaar   | Found Xadyhuo's General Store.
 27323 | Bazaar   | Found Kabulik's Book Boutique.
 27334 | Bazaar   | Found Qosixelo's Antique Weapon Shoppe.
 27342 | Bazaar   | Found Cano's Distillery.
 27350 | Bazaar   | Bought a potion of resistance for 140 gold pieces
 27350 | Bazaar   | Bought a potion of mutation for 112 gold pieces
 27350 | Bazaar   | Bought a potion of cancellation for 112 gold pieces
 27350 | Bazaar   | Bought a potion of cancellation for 112 gold pieces
 27350 | Bazaar   | Bought a potion of might for 56 gold pieces
 27415 | Shoals:4 | Noticed a kraken
 27427 | Shoals:4 | Killed a kraken
 27476 | Shoals:4 | Reached XP level 19. HP: 112/165 MP: 26/26
 27647 | Shoals:4 | Identified the +1 pair of gloves "Jujukhlel" {Fly rElec
                  | Will- Stlth-}
 27749 | Shoals:4 | Reached skill level 10 in Invocations
 27778 | Shoals:4 | Received a gift from Okawaru
 28021 | Shoals:4 | Found Qaegis's Book Emporium.
 28164 | Shoals:4 | Found Xainus Nuen's Assorted Antiques.
 28383 | Shoals:4 | Got a barnacled rune of Zot
 28749 | Vaults:1 | Entered Level 1 of the Vaults
 29068 | Vaults:1 | Received a gift from Okawaru
 29149 | Vaults:1 | Found Xaquc's Assorted Antiques.
 29560 | Vaults:1 | Found a runed translucent door.
 29560 | Vaults:1 | Found a shimmering altar of Xom.
 29560 | Vaults:1 | Noticed vineage's ghost (adept GrGl)
 29586 | Vaults:1 | Killed vineage's ghost
 29923 | Vaults:2 | Found a flickering gateway to a bazaar.
 29932 | Bazaar   | Entered a bazaar
 29937 | Bazaar   | Found Wirewesorph's General Store.
 29943 | Bazaar   | Bought a wand of roots (3) for 93 gold pieces
 29943 | Bazaar   | Bought a potion of curing for 39 gold pieces
 29943 | Bazaar   | Bought a potion of curing for 39 gold pieces
 29944 | Bazaar   | Found Xangumn's General Store.
 29952 | Bazaar   | Found Dygy's Book Boutique.
 29960 | Bazaar   | Found Akubuate's Book Shop.
 30104 | Vaults:2 | Received a gift from Okawaru
 30111 | Vaults:2 | Reached XP level 20. HP: 176/176 MP: 28/28
 30343 | Vaults:2 | Got a colourful book
 30502 | Vaults:2 | Received a gift from Okawaru
 30834 | Vaults:2 | Found a staircase to the Crypt.
 30834 | Vaults:2 | Found an ancient bone altar of Kikubaaqudgha.
 30834 | Vaults:2 | Found a basalt altar of Yredelemnul.
 31053 | Vaults:3 | Found Adelam's Armour Shoppe.
 31170 | Vaults:3 | Received a gift from Okawaru
 31345 | Vaults:3 | Received a gift from Okawaru
 31550 | Vaults:3 | Reached XP level 21. HP: 184/189 MP: 30/30
 31555 | Vaults:3 | Received a gift from Okawaru
 32289 | Vaults:4 | Identified the +4 ring mail of Absolutism {rElec rC- Dex+3}
 32322 | Vaults:4 | Received a gift from Okawaru
 32504 | Vaults:4 | Found Nearosen's Antique Armour Shoppe.
 32730 | Vaults:4 | Found Ampovugo's Antique Armour Emporium.
 32736 | Vaults:4 | Bought a jewelled chain mail for 237 gold pieces
 32736 | Vaults:4 | Identified the +4 chain mail of Jokitepn {rElec} (You
                  | bought it in a shop on level 4 of the Vaults)
 32956 | Vaults:5 | Entered Level 5 of the Vaults
 32965 | Vaults:5 | Reached skill level 15 in Armour
 32969 | Vaults:5 | Noticed an ancient lich
 32973 | Vaults:5 | Received a gift from Okawaru
 32983 | Vaults:5 | Reached skill level 10 in Dodging
 32983 | Vaults:5 | Reached XP level 22. HP: 200/200 MP: 21/31
 32989 | Vaults:5 | Killed an ancient lich
 33000 | Vaults:5 | Received a gift from Okawaru
 33046 | Vaults:5 | Noticed a dread lich
 33054 | Arena    | Entered the Arena
 33061 | Arena    | Killed a dread lich
 33129 | Vaults:5 | Received a gift from Okawaru
 33301 | Vaults:5 | Received a gift from Okawaru
 33431 | Vaults:5 | Reached XP level 23. HP: 207/207 MP: 32/32
 33439 | Vaults:5 | Identified the staff "Zoonn" {rC+ Will+ Str+5 Ice}
 33514 | Vaults:5 | Got a glistering book
 33520 | Vaults:5 | Got a silver rune of Zot
 33528 | Vaults:5 | Identified the +0 leather armour "Xusuh" {rC+}
 33604 | Vaults:5 | Received a gift from Okawaru
 33737 | Vaults:5 | Identified the ring of Democracy {Ice rCorr}
 33749 | Vaults:5 | Identified the +8 hand axe of the Swamp {heavy, rN++ MP+9}
 34601 | Orc:2    | Bought a glowing kite shield for 180 gold pieces
 35081 | Depths:1 | Entered Level 1 of the Depths
 35528 | Depths:1 | Found a bloodstained altar of Trog.
 35637 | Depths:1 | Found Ecsamin's General Store.
 36309 | Depths:2 | Reached skill level 1 in Throwing
 36616 | Depths:2 | Identified the +0 leather armour of the Well-Known Visions
                  | {Contam Rampage Int+2}
 36727 | Depths:2 | Received a gift from Okawaru
 36795 | Depths:2 | Found a bloodstained altar of Trog.
 36889 | Depths:2 | Reached skill level 5 in Throwing
 36983 | Depths:2 | Noticed the Enchantress
 36992 | Depths:2 | Killed the Enchantress
 37044 | Depths:2 | Found a one-way gate leading to the halls of Pandemonium.
 37076 | Depths:2 | Found a one-way gate to the infinite horrors of the Abyss.
 37091 | Depths:2 | Found a one-way gateway to a ziggurat.
 37523 | Depths:3 | Found Joaxunan's Assorted Antiques.
 37546 | Depths:3 | Received a gift from Okawaru
 37592 | Depths:3 | Noticed a golden dragon
 37641 | Depths:3 | Reached XP level 24. HP: 214/214 MP: 34/34
 37779 | Depths:3 | Found Ownyive's Weapon Shoppe.
 37784 | Depths:3 | Found Foilaw's Antique Armour Shoppe.
 37784 | Depths:3 | Found Pirghoebi's Armour Emporium.
 37795 | Depths:3 | Reached skill level 15 in Invocations
 37799 | Depths:3 | Found Susanloi's Magic Scroll Emporium.
 38089 | Depths:3 | Acquired 738 gold pieces
 38224 | Depths:3 | Got a moldy book
 38406 | Depths:4 | Entered Level 4 of the Depths
 38413 | Depths:4 | Received a gift from Okawaru
 38458 | Depths:4 | Found a shadowy altar of Dithmenos.
 38534 | Depths:4 | Noticed a golden dragon
 38562 | Depths:4 | Noticed a golden dragon
 38570 | Depths:4 | Killed a golden dragon
 38581 | Depths:4 | Noticed a golden dragon
 38582 | Depths:4 | Noticed a golden dragon
 38594 | Depths:4 | Killed a golden dragon
 38602 | Depths:4 | Killed a golden dragon
 38651 | Depths:4 | Reached skill level 10 in Throwing
 38764 | Depths:4 | Received a gift from Okawaru
 38772 | Depths:4 | Noticed a golden dragon
 38783 | Depths:4 | Killed a golden dragon
 38787 | Depths:4 | Killed a golden dragon
 39051 | Depths:4 | Found a gate to the Realm of Zot.
 39070 | Depths:4 | Noticed a golden dragon
 39072 | Depths:4 | Noticed a golden dragon
 39081 | Depths:4 | Killed a golden dragon
 39099 | Depths:4 | Killed a golden dragon
 39099 | Depths:4 | Received a gift from Okawaru
 39138 | Depths:4 | Noticed a golden dragon
 39145 | Depths:4 | Killed a golden dragon
 39248 | Depths:4 | Noticed Frederick
 39261 | Depths:4 | Killed Frederick
 39353 | Depths:4 | Reached XP level 25. HP: 221/221 MP: 35/35
 39504 | Depths:4 | Found Big Baal Hell's Store.
 39618 | Depths:4 | Received a gift from Okawaru
 40240 | Slime:1  | Entered Level 1 of the Pits of Slime
 40308 | Slime:3  | Gained mutation: Potions are less effective at restoring
                  | your health. [a shining eye]
 40389 | Slime:5  | Entered Level 5 of the Pits of Slime
 40454 | Slime:5  | Received a gift from Okawaru
 40475 | Slime:5  | Noticed the Royal Jelly
 40721 | Slime:5  | Found a viscous altar of Jiyva.
 40918 | Slime:5  | Killed the Royal Jelly
 40960 | Slime:5  | Received a gift from Okawaru
 41107 | Slime:5  | Identified the +5 ring mail of Nobon {rF+ Int+5}
 41116 | Slime:5  | Identified the +1 leather armour "Pilituir" {*Corrode rN++
                  | Str+6}
 41145 | Slime:5  | Identified the +6 mace of Noagaom {venom, rN+ Dex+3}
 41177 | Slime:5  | Identified the +6 chain mail of Darkness {rElec Will++
                  | rCorr Str-2}
 41213 | Slime:5  | Identified the +2 robe of Qazlal's Outrage {Str-5 Dex+4}
 41352 | Slime:5  | Got a slimy rune of Zot
 41387 | Slime:5  | Acquired the amulet of Pixtan {RegenMP rF+ rCorr}
 42019 | Temple   | Fell from the grace of Okawaru
 42019 | Temple   | Became a worshipper of the Shining One
 42315 | Crypt:1  | Entered Level 1 of the Crypt
 42336 | Crypt:1  | Noticed Jory
 42336 | Crypt:1  | Reached * piety under the Shining One
 42353 | Crypt:1  | Reached skill level 15 in Throwing
 42355 | Crypt:1  | HP: 11/223 [Jory/+1 glaive of venom (27)]
 42361 | Crypt:1  | HP: 11/223 [poisoned by Jory]
 42361 | Crypt:1  | Slain by Jory

Illustrated notes

Levels and vault maps discovered:
D:1:      kb_arrival_jail, layout_rooms, shapermc_ecumenical_altar_gd,
          serial_bayou_ford_a
D:2:      layout_rooms, serial_shops, nicolae_square_shop, uniq_sigmund
D:3:      layout_basic, lemuel_coloured_pillars_altar, minmay_close_crescents
D:4:      layout_basic, jmf_multi_god_temple, kennysheep_mini
D:5:      layout_loops_ring, minmay_fountain_box
D:6:      layout_cave_pods, mainiacjoe_overflow_catwalk,
          minmay_temple_entry_statues
D:7:      layout_basic, nicolae_eternal_life, hangedman_feature_mirror,
          dreamdust_gnoll_shepherd
D:8:      layout_loops_corners, grunt_lair_entry_orc_guard_hut, enter_ossuary_3
D:9:      layout_stronghold, lemuel_round_altar,
          nemelex_xobeh_ov_fountains_minmay,
          mainiacjoe_overflow_surrounded_room, orc_0_dummy, enter_bailey_6,
          nicolae_diode_intersection
D:10:     layout_small_grid
D:11:     layout_loops_ring, small_chamber_with_monster,
          statue_in_the_mist_lemuel
D:12:     layout_cave_pods, kennysheep_generic_room_10
D:13:     gammafunk_wand_slinger, layout_rooms, grunt_vaults_entry_tiered,
          serial_curves, eino_curves_01, eino_curves_04, eino_curves_02,
          eino_curves_03, nicolae_gozag_seed_capital, uniq_nessos, uniq_urug
D:14:     layout_layer_cave, minmay_misc_feat_diagonals, uniq_snorg
D:15:     gammafunk_enter_depths_forms, layout_basic, nzn_wu_jian_council_hall
Temple:   nicolae_temple_ecumenical_triangle
Lair:1:   layout_regular_city
Lair:2:   layout_regular_city, minmay_shoals_entry_beasts,
          nicolae_spider_entry_non_spiders, maelrawn_ghost_gauntlet_escape,
          serial_bayou_shore_a
Lair:3:   layout_loops_ring, beast_lair_carwin_8, grunt_megastairs_2
Lair:4:   layout_regular_city, basic_altar, guppyfry_lair_drakes
Lair:5:   evil_forest, layout_big_grid, nicolae_slime_entry_field_trip,
          infiniplex_staircase_pool_2
Shoals:1: layout_shoals, serial_shops, shop, uniq_nikola, uniq_louise
Shoals:2: dreamdust_from_the_deep, layout_shoals, minmay_shop_mass
Shoals:3: layout_shoals, nicolae_shoals_dead_sea_scrolls
Shoals:4: shoals_end_hangedman, layout_shoals, serial_shops, bzr_entry_lakeside,
          nicolae_shop_tiny_statue_garden, shop, shop,
          nicolae_shoals_kraken_party
Spider:1: layout_spider_delve
Spider:2: layout_spider_delve, nicolae_spider_cling_halls, uniq_mlioglotl
Spider:3: layout_spider_delve, nicolae_spider_webbed_stairs
Spider:4: grunt_spider_rune_island, nicolae_looking_at_the_future
Slime:1:  layout_caves, basic_altar
Slime:2:  layout_caves
Slime:3:  layout_caves
Slime:4:  layout_caves
Slime:5:  slime_pit_nicolae_trefoil
Orc:1:    cheibrodos_orc_guarddog, layout_caves
Orc:2:    st_orc_town, layout_diamond_mine, gammafunk_ghost_grave,
          nicolae_orc_pool_cavern, guppyfry_library_mini
Vaults:1: ebering_ghost_xom, hangedman_vaults_river_flow, v_misc_4,
          nicolae_vaults_hexular_roomagon, nicolae_vaults_shelves_hall,
          nicolae_vaults_closet_pinwheel_2, nicolae_vaults_double_plus_1,
          vaults_room_hallway, vaults_standard_mumra_x,
          nicolae_vaults_off_center_swirl, vaults_dpeg_doors,
          nicolae_vaults_diamond_1, ontoclasm_vaults_ring_square,
          v_alt_pattern_6, nicolae_vaults_tetromino_L_2,
          layout_vaults_omnicross, serial_shops, nicolae_shop_stone
Vaults:2: v_misc_3, v_misc_23, ontoclasm_vaults_hangar,
          nicolae_vaults_library_corner, minmay_crypt_entry_necro_gods,
          nicolae_vaults_sightless_eye, hangedman_vaults_nails,
          layout_vaults_quadrants, serial_shops, bzr_entry_water
Vaults:3: v_pattern_3, v_misc_26, nicolae_vaults_arrows,
          nicolae_vaults_network_barrier, v_misc_8, v_rooms_4,
          vaults_room_hallway, nicolae_vaults_alarming, hangedman_vaults_impose,
          layout_vaults_omnibox, serial_shops, nicolae_shop_gibbet_a_chance
Vaults:4: nicolae_vaults_wrenched, nicolae_vaults_closet_pinwheel_5,
          vaults_room_pool, hangedman_vaults_locks,
          nicolae_vaults_security_offices_1, v_pattern_5,
          ontoclasm_vaults_loading_screen, v_misc_9, v_misc_12,
          ontoclasm_vaults_ligature, nicolae_vaults_tetromino_T_2,
          nicolae_vaults_storage_room_glass, nicolae_vaults_tetromino_Z_1,
          layout_vaults_maze_bifur, serial_shops, shop, shop
Vaults:5: serial_shops
Crypt:1:  evilmike_wizard_prison, layout_misc_corridors, st_stairs_10,
          uniq_bai_suzhen, uniq_jory, uniq_margery, uniq_donald
Depths:1: layout_gridlike, skrybe_limestone_x, serial_shops, shop,
          grunt_hell_entry_dis_old, bloody_trog
Depths:2: spriggan_forest, pan_entry, abyss_entry, hell_entry
Depths:3: gammafunk_mikee_crab_dinner, layout_small_grid, serial_shops, shop,
          abyss_entry, hell_entry, minmay_staircase_bubble, minmay_shoptagon,
          grunt_megastairs_4
Depths:4: lemuel_castle_with_subvaults [lemuel_castle_interior_carwin_2],
          layout_honeycomb, grunt_dithmenos_smoke,
          nicolae_hell_entry_big_baal_hell, uniq_frederick

Skill      XL: |  1  2  3  4  5  6  7  8  9 10 11 12 13 14 15 16 17 18 19 20 21 22 23 24 25 |
---------------+----------------------------------------------------------------------------+-----
Fighting       | 4 5 6 7 8 9 12 14 15 16 18 19 22 23 24 | 24.0
Axes           | 3 4 5 6 8 9 11 13 15 18 20 21 22 23 24 | 24.0
Armour         | 4 5 6 8 9 10 11 13 14 15 19 20 | 20.9
Shields        | 5 11 12 | 12.0
Dodging        | 1 3 4 5 6 7 8 10 11 | 11.0
Invocations    | 1 3 5 7 8 9 11 12 14 16 | 16.0
Throwing       | 7 13 15 | 15.0

Action                     |  1- 3 |  4- 6 |  7- 9 | 10-12 | 13-15 | 16-18 | 19-21 | 22-24 | 25-27 || total
---------------------------+-------+-------+-------+-------+-------+-------+-------+-------+-------++-------
  Melee: War axe           |    49 |   104 |   301 |   823 |   189 |       |       |       |       ||  1466
         Broad axe         |       |       |       |       |   418 |       |       |       |       ||   418
         Executioner's axe |       |       |       |       |   122 |  1034 |   885 |  1034 |   313 ||  3388
  Throw: Javelin           |       |       |       |       |       |       |       |       |     4 ||     4
         Throwing net      |       |       |       |       |       |       |       |       |     2 ||     2
 Invoke: Heroism           |       |       |       |     3 |     3 |     6 |     3 |     8 |     1 ||    24
         Finesse           |       |       |       |     2 |     2 |     2 |     1 |     2 |     1 ||    10
         Receive Weapon    |       |       |       |       |     1 |       |       |       |       ||     1
         Receive Armour    |       |       |       |       |     1 |       |       |       |       ||     1
         Duel              |       |       |       |       |       |     1 |       |     1 |       ||     2
Ability: Dig               |       |       |     1 |       |       |     1 |       |       |       ||     2
         Shaft Self        |       |       |       |       |       |       |       |       |     1 ||     1
    Use: Potion            |     3 |       |     1 |     5 |       |     1 |     3 |     1 |    10 ||    24
         Scroll            |       |     7 |     3 |     7 |    11 |     5 |     2 |     1 |    14 ||    50
   Stab: Sleeping          |       |     1 |     5 |     4 |       |       |       |       |       ||    10
         Distracted        |       |       |       |       |     1 |       |     1 |       |       ||     2
         Held in net/web   |       |       |       |       |       |     1 |       |       |       ||     1
         Paralysed         |       |       |       |       |       |       |       |     1 |       ||     1
 Armour: Chain mail        |    40 |    61 |       |       |       |       |    24 |   438 |       ||   563
         Scale mail        |       |     8 |   178 |   326 |   290 |   406 |   325 |       |       ||  1533
         Gold dragon scale |       |       |       |       |       |       |       |    77 |   213 ||   290
         Storm dragon scal |       |       |       |       |       |       |       |    54 |       ||    54
  Dodge: Dodged            |    15 |    55 |   168 |   338 |   342 |   489 |   393 |   401 |   103 ||  2304
         Repelled          |       |       |     1 |     3 |     4 |     6 |     7 |    19 |     9 ||    49
  Block: Buckler           |     6 |    28 |   145 |   430 |   294 |     3 |       |       |       ||   906
         Reflection        |       |       |       |    19 |     7 |    26 |    72 |    43 |     3 ||   170
         Kite shield       |       |       |       |       |       |   770 |   569 |   728 |   204 ||  2271

Table legend: (Time is in decaauts)
 A = Elapsed time spent in this place.
 B = Non-inter-level travel time spent in this place.
 C = Inter-level travel time spent in this place.
 D = Time resting spent in this place.
 E = Time spent auto-exploring this place.
 F = Levels seen in this place.
 G = Mean time per level.
                   A        B        C        D        E       F      G
               +--------+--------+--------+--------+--------+-----+--------+
         Total |  41915 |  37817 |   4098 |   4454 |  23285 |  53 |  790.8 |
       Dungeon |  14434 |  12380 |   2054 |   1237 |   8291 |  15 |  962.3 |
        Temple |     34 |     19 |     15 |      0 |      0 |   1 |   34.0 |
          Lair |   6629 |   5979 |    650 |   1600 |   3050 |   5 | 1325.8 |
        Shoals |   3849 |   3606 |    243 |    646 |   1964 |   4 |  962.2 |
   Spider Nest |   2875 |   2713 |    162 |    306 |   1613 |   4 |  718.8 |
    Slime Pits |   1522 |   1288 |    234 |    205 |    486 |   5 |  304.4 |
  Orcish Mines |   1356 |   1204 |    152 |     28 |    899 |   2 |  678.0 |
        Vaults |   5542 |   5214 |    328 |    127 |   3650 |   5 | 1108.4 |
         Crypt |     40 |     40 |      0 |      0 |      4 |   1 |   40.0 |
        Depths |   4616 |   4361 |    255 |    179 |   3010 |   4 | 1154.0 |
         Abyss |    237 |    237 |      0 |     38 |      0 |   1 |  237.0 |
        Bazaar |    109 |    109 |      0 |      0 |     91 |   2 |   54.5 |
       Ossuary |    349 |    349 |      0 |     76 |    102 |   1 |  349.0 |
        Bailey |    288 |    288 |      0 |      0 |    123 |   1 |  288.0 |
         Arena |     29 |     29 |      0 |     11 |      0 |   2 |   14.5 |
               +--------+--------+--------+--------+--------+-----+--------+

Top non-repeatable levels by time:
  Lair:2: 1747 daAuts
     D:7: 1602 daAuts
     D:8: 1433 daAuts
Depths:2: 1430 daAuts
  Lair:4: 1361 daAuts
    D:11: 1304 daAuts
  Lair:3: 1283 daAuts
     D:9: 1281 daAuts
  Lair:1: 1265 daAuts
Vaults:5: 1258 daAuts
Shoals:4: 1254 daAuts
Vaults:2: 1238 daAuts
Depths:4: 1149 daAuts
Vaults:1: 1134 daAuts
 Slime:5: 1085 daAuts
